 Dungeon Crawl Stone Soup version 0.25.1-2-g60ff931df9 (webtiles) character file.

Game seed: 17508281450489929706

107 MisterFreud the Digger (level 4, -1/33 HPs)
             Began as a Ghoul Earth Elementalist on Oct 13, 2020.
             Slain by a gnoll
             ... wielding a +0 whip
              (7 damage)
             ... on level 2 of the Dungeon.
             The game lasted 00:03:45 (2870 turns).

MisterFreud the Digger (Ghoul Earth Elementalist)   Turns: 2870, Time: 00:03:46

Health: -1/33      AC:  3    Str: 11    XL:     4   Next: 86%
Magic:  3/5        EV: 12    Int: 11    God:
Gold:   87         SH:  5    Dex:  9    Spells: 2/6 levels left

rFire    . . .     SeeInvis .   (no weapon)
rCold    + . .     Gourm    .   (no shield)
rNeg     + + +     Faith    .   c - +0 robe
rPois    ∞         Spirit   .   (no helmet)
rElec    .         Reflect  +   (no cloak)
rCorr    .         Harm     .   (no gloves)
MR       .....                  k - +0 pair of boots
Stlth    ++........             j - amulet of reflection
HPRegen  0.00/turn              (no ring)
MPRegen  0.09/turn              (no ring)

@: rotting
A: rotting body, claws 1, carnivore, cold resistance 1, negative energy
resistance 3, inhibited regeneration, torment resistance, unbreathing
a: no special abilities


You were on level 2 of the Dungeon.
You were not hungry.

You visited 1 branch of the dungeon, and saw 2 of its levels.

You collected 87 gold pieces.

Inventory:

Missiles
 b - 58 stones (quivered)
Armour
 c - a +0 robe (worn)
 k - a +0 pair of boots (worn)
Jewellery
 j - an amulet of reflection (around neck)
Scrolls
 f - 4 scrolls of identify {unknown}
 g - 2 scrolls of remove curse {unknown}
 p - a scroll of amnesia {unknown}
 q - a scroll of immolation {unknown}
Potions
 a - a potion of cancellation {unknown}
 e - a potion of stabbing {unknown}
 i - 3 potions of haste {unknown}
 l - a potion of heal wounds {unknown}
 m - a potion of berserk rage {unknown}
 n - 3 potions of curing {unknown}
 o - a potion of magic {unknown}
Comestibles
 d - 3 rations
 h - 2 chunks of flesh


   Skills:
 - Level 1.7 Dodging
 - Level 2.1 Stealth
 - Level 0.7 Unarmed Combat
 - Level 1.7 Spellcasting
 + Level 2.0 Conjurations
   Level 0.8 Transmutations
 - Level 5.0 Earth Magic


You had 2 spell levels left.
You knew the following spells:

 Your Spells              Type           Power        Failure   Level  Hunger
a - Sandblast             Erth           ##....       3%          1    ##.....
b - Stone Arrow           Conj/Erth      #.....       22%         3    ####...

Your spell library contained the following spells:

 Spells                   Type           Power        Failure   Level  Hunger
 Passwall                 Tmut/Erth      #.......     14%         2    ###....
 Petrify                  Tmut/Erth      #.......     65%         4    #####..
 Lee's Rapid Deconstruct  Erth           ##........   71%         5    ######.


Dungeon Overview and Level Annotations

Branches:
Dungeon (2/15)

Altars:


Innate Abilities, Weirdness & Mutations

Your body is rotting away.
You thrive on raw meat.
You are immune to poison.
You have sharp fingernails.
You are carnivorous and can eat meat at any time.
Your flesh is cold resistant. (rC+)
You are immune to negative energy. (rN+++)
You do not regenerate when monsters are visible.
You are immune to unholy pain and torment.
You can survive without breathing.


Message History

Casting: Sandblast (safe; 3% risk of failure)
Confirm with . or Enter, or press ? or * to list all spells.
Aiming: Sandblast (safe; 3% risk of failure)
Press: ? - help, Shift-Dir - straight line, f/p - gnoll
Aim: a gnoll, wielding a +0 spear (almost dead)
The blast of sand hits the gnoll!
You kill the gnoll!
Your Conjurations skill increases to level 2!
b - 58 stones A goblin comes into view. It is wielding a +0 club.
The orc wizard gestures wildly while chanting.
The orc wizard flickers and vanishes!
Deactivating autopickup; reactivate with Ctrl-A.
You see here an adder skeleton.
A gnoll comes into view. It is wielding a +0 club.
Okay, then.
You barely miss the gnoll.
The gnoll is moderately wounded.
The gnoll hits you with a +0 whip!
You die...

#......# #.# #...........###..
#......####.#.##.........#.....<
#.....gg{.g.#.##.#########.###..
#....######.#.##.# #.# ###
#.........#g#.##.# #.# ##
#.........#.#.##.### #.# ..
#...........#.##...# #.. ##
##........#g#.##...##### ##. ###
#...........gg@........ . ...
#........###.##...##### .#
.#.######.##...######### ..#
#........##...##......#...#
###########.####......#...# #.#
#......#.... #.# #......#....
#.# #........... #.#
#...........


You could see 3 gnolls.

Vanquished Creatures
  Terence (D:2)
  A gnoll (D:2)
  2 adders (D:2)
  An ooze (D:1)
  A worm (D:2)
  A leopard gecko (D:2)
  A giant cockroach (D:1)
  10 goblins
  5 hobgoblins
  4 jackals (D:2)
  A ball python (D:1)
  5 bats
  4 frilled lizards
  6 kobolds
  4 rats
47 creatures vanquished.

Notes
Turn   | Place    | Note
-------+----------+-------------------------------------------
     0 | D:1      | MisterFreud the Ghoul Earth Elementalist began the quest
                  | for the Orb.
     0 | D:1      | Reached XP level 1. HP: 14/14 MP: 2/2
   300 | D:1      | Reached XP level 2. HP: 14/20 MP: 3/3
   923 | D:1      | Reached skill level 4 in Earth Magic
  1527 | D:1      | Reached XP level 3. HP: 21/26 MP: 4/4
  1813 | D:2      | Learned a level 3 spell: Stone Arrow
  2197 | D:2      | Reached XP level 4. HP: 19/33 MP: 1/5
  2464 | D:2      | Reached skill level 1 in Conjurations
  2544 | D:2      | Noticed Terence
  2560 | D:2      | Killed Terence
  2560 | D:2      | Reached skill level 5 in Earth Magic
  2870 | D:2      | Slain by a gnoll

Illustrated notes

Levels and vault maps discovered:
D:1:      lemuel_arrival_broad_hall, layout_rooms, serial_rivers,
          chequers_serial_rivers_micro_a, chequers_serial_rivers_small_3,
          chequers_serial_rivers_room_b, chequers_serial_rivers_micro_e,
          minivault_26
D:2:      layout_basic, uniq_robin, uniq_terence

Skill      XL: |  1  2  3  4 |
---------------+-------------+-----
Earth Magic    | 4 5 |  5.0
Conjurations   | 2 |  2.0
Dodging        | |  1.7
Stealth        | |  2.1
Unarmed Combat | |  0.7
Spellcasting   | |  1.7
Transmutations | |  0.8

Action                   |  1- 3 |  4- 6 || total
-------------------------+-------+-------++-------
Melee: Unarmed           |   191 |    25 ||   216
 Cast: Sandblast         |     8 |    11 ||    19
 Stab: Sleeping          |     2 |       ||     2
  Eat: Chunk             |    14 |     1 ||    15
Armor: Robe              |    36 |     1 ||    37
Dodge: Dodged            |   126 |    19 ||   145
Block: Other             |    23 |     6 ||    29
       Reflection        |     2 |     1 ||     3
